Bruins vs Senators

Created - March 31 2011 at 17:37

Goals
1 2 3 OT1 T
Bruins 3 1 1 1 6
Senators 2 2 1 0 5
Shots
1 2 3 OT1 T
Bruins 13 10 9 1 33
Senators 9 11 8 0 28

Period #1

1. Bruins , Henrik Zetterberg 29 (Rick Nash, Dan Hamhuis) at 1:48 (PP)
2. Bruins , Rick Nash 36 (Nathan Horton, Zdeno Chara) at 10:05 (PP)
3. Senators , Mike Cammalleri 26 (Jay Bouwmeester, Jason Spezza) at 11:05
4. Bruins , Rich Peverley 25 (Henrik Zetterberg, Dennis Seidenberg) at 13:26
5. Senators , Guillaume Latendresse 11 (Jordan Staal, Brent Sopel) at 15:40

Penalties :
Dion Phaneuf (OTT) for Slashing (Double Minor) at 0:08, Dion Phaneuf (OTT) for Holding Stick (Minor) at 8:38, David Jones (OTT) for Hooking (Minor) at 17:53

Period #2

6. Senators , Sidney Crosby 47 (Chris Stewart, Thomas Vanek) at 7:04
7. Senators , Guillaume Latendresse 12 (Jordan Staal, Karlis Skrastins) at 12:00
8. Bruins , Zdeno Chara 21 (Henrik Zetterberg, Nathan Horton) at 19:12 (PP)

Penalties :
Mike Cammalleri (OTT) for Roughing (Minor) at 0:26, Dion Phaneuf (OTT) for Tripping (Minor) at 4:37, Daniel Briere (OTT) for Hooking (Minor) at 7:05, Jay Bouwmeester (OTT) for Delaying the game (Minor) at 18:41, David Steckel (OTT) for Tripping (Minor) at 19:00

Period #3

9. Senators , Jason Spezza 32 (Mike Cammalleri, Dion Phaneuf) at 1:14
10. Bruins , Henrik Zetterberg 30 (Rick Nash, Nathan Horton) at 4:27 (PP)

Penalties :
David Jones (OTT) for Interference (Minor) at 2:47, Jordan Staal (OTT) for Hooking (Minor) at 8:25, Karlis Skrastins (OTT) for Slashing (Minor) at 12:56, Chris Stewart (OTT) for Hooking (Minor) at 16:11, David Steckel (OTT) for Fighting (Major) at 17:46, Zdeno Chara (BOS) for Fighting (Major) at 17:46, Zdeno Chara (BOS) for instigated a fight (Game Misconduct) at 17:46

Overtime #1

11. Bruins , Nathan Horton 30 (Toni Lydman, Patrice Bergeron) at 0:10

Penalties :
No Penalty

Goalie Stats

Tuukka Rask (BOS), 8 saves from 9 shots - (0.889), W, 10-3-2, 28:11 minutes
Cam Ward (BOS), 15 saves from 19 shots - (0.789), 32:00 minutes
Pascal Leclaire (OTT), 27 saves from 33 shots - (0.818), OTL, 27-33-10, 60:11 minutes

Players Stats

Bruins
Player Name              G  A  P  +/- PIM S  H  SB FO    MP 
------------------------------------------------------------
Brad Marchand            0  0  0  -4  0   0  0  0  0/0   12 
Chris Kelly              0  0  0  -4  0   1  0  0  8/15  12 
Dan Hamhuis              0  1  1  -2  0   2  0  0  0/0   23 
David Krejci             0  0  0   0  0   1  0  0  9/21  14 
Dennis Seidenberg        0  1  1  -2  0   1  0  2  0/0   23 
Dustin Brown             0  0  0   0  0   3  3  0  3/6   22 
Gregory Campbell         0  0  0   0  0   1  0  0  0/0   2  
Henrik Zetterberg        2  2  4   0  0   8  0  0  19/35 22 
Jordan Leopold           0  0  0  -4  0   3  0  0  0/0   21 
Mark Recchi              0  0  0   0  0   2  1  1  0/0   10 
Milan Lucic              0  0  0  -4  0   1  2  0  0/0   12 
Nathan Horton            1  3  4   1  0   1  0  0  1/1   15 
Patrice Bergeron         0  1  1   1  0   0  0  0  6/14  12 
Rich Peverley            1  0  1   0  0   2  0  0  0/0   21 
Rick Nash                1  2  3   0  0   4  3  1  1/1   24 
Tom Gilbert              0  0  0   1  0   0  0  0  0/0   12 
Toni Lydman              0  1  1   1  0   0  1  2  0/0   16 
Zdeno Chara              1  1  2   0  17  3  0  1  0/0   23 
Senators
Player Name              G  A  P  +/- PIM S  H  SB FO    MP 
------------------------------------------------------------
Brent Sopel              0  1  1   1  0   0  1  2  0/0   19 
Carl Gunnarsson          0  0  0   0  0   0  1  5  0/0   19 
Chris Stewart            0  1  1   0  2   1  2  0  0/0   16 
Daniel Briere            0  0  0   2  2   2  2  0  1/3   12 
David Jones              0  0  0   1  4   0  0  0  1/2   17 
David Steckel            0  0  0   0  7   1  1  0  8/17  10 
Dion Phaneuf             0  1  1   0  8   1  6  0  0/0   22 
Filip Kuba               0  0  0   2  0   1  0  0  0/0   17 
Guillaume Latendresse    2  0  2   1  0   4  1  0  0/0   11 
Jason Spezza             1  1  2   2  0   4  0  0  9/15  13 
Jay Bouwmeester          0  1  1   2  2   2  1  2  0/0   22 
Jordan Staal             0  2  2   1  2   0  1  0  14/31 18 
Karlis Skrastins         0  1  1   1  2   0  2  2  0/0   19 
Mike Cammalleri          1  1  2   2  2   5  0  0  0/0   12 
Patrick Dwyer            0  0  0   0  0   0  0  0  0/0   0  
Patrick Eaves            0  0  0   0  0   0  0  0  0/0   12 
Sidney Crosby            1  0  1   0  0   6  0  0  13/24 21 
Thomas Vanek             0  1  1   1  0   1  1  0  0/1   16 

3 Stars

1 - Henrik Zetterberg (BOS)
2 - Nathan Horton (BOS)
3 - Rick Nash (BOS)

Power Play

Bruins - 4 on 12 Attempt(s) - 33.33%
Senators - 0 on 1 Attempt(s) - 0.00%

Penalty Kill

Bruins - 1 on 1 Attempt(s) - 100.00% - Score 0 goal in Penalty Kill
Senators - 8 on 12 Attempt(s) - 66.67% - Score 0 goal in Penalty Kill

Game Notes

Tuukka Rask enters game at 12:00 of 2nd period
David Steckel and Zdeno Chara fight to a draw at 17:46 of 3rd period
Zdeno Chara ejected from game at 17:46 of 3rd period
Zdeno Chara from Bruins is suspended for 1 game(s)

Finance

Level 1 -- Attendance: 5321 (81.86%) -- Ticket Income $532,100.00
Level 2 -- Attendance: 3675 (73.50%) -- Ticket Income $220,500.00
Level 3 -- Attendance: 3059 (87.40%) -- Ticket Income $107,065.00
Level 4 -- Attendance: 1565 (49.64%) -- Ticket Income $46,950.00
Luxury Box -- Attendance: 704 (70.40%) -- Ticket Income $176,000.00
Game was played at the Scotiabank Place
Total Attendance: 14324 (74.79%)
Total Ticket Income: $1,128,751.00
Other Income: $202,782.60
Total Income: $1,331,534.00


Play by Play

Period #1

0:01 of 1st period - David Krejci wins face-off versus Sidney Crosby in neutral zone.
0:01 of 1st period - David Krejci is hit by Chris Stewart.
0:04 of 1st period - Rick Nash is hit by Carl Gunnarsson and loses puck.
0:08 of 1st period - Double Minor Penalty to Dion Phaneuf for Slashing.
0:09 of 1st period - David Krejci wins face-off versus David Steckel in Senators zone.
1:15 of 1st period - Off-side.
1:16 of 1st period - Henrik Zetterberg wins face-off versus Jordan Staal in neutral zone.
1:36 of 1st period - Icing by Rick Nash.
1:37 of 1st period - David Jones wins face-off versus Henrik Zetterberg in Bruins zone.
1:48 of 1st period - Shot by Henrik Zetterberg.
1:48 of 1st period - Goal by Henrik Zetterberg - Bruins : 1 - Senators : 0.
1:49 of 1st period - Jordan Staal wins face-off versus David Krejci in neutral zone.
2:54 of 1st period - Filip Kuba is hit by Rick Nash and loses puck.
3:26 of 1st period - Shot by Dustin Brown.
3:26 of 1st period - Stopped by Pascal Leclaire without a rebound.
3:27 of 1st period - Henrik Zetterberg wins face-off versus David Steckel in Senators zone.
3:28 of 1st period - Shot by Rick Nash.
3:28 of 1st period - Shot Misses the Net.
4:08 of 1st period - Shot by Milan Lucic.
4:08 of 1st period - Shot Blocked by Carl Gunnarsson.
4:12 of 1st period - Shot by Chris Kelly.
4:12 of 1st period - Shot Misses the Net.
5:01 of 1st period - Shot by Mark Recchi.
5:01 of 1st period - Stopped by Pascal Leclaire without a rebound.
5:02 of 1st period - Jason Spezza wins face-off versus Henrik Zetterberg in Senators zone.
5:20 of 1st period - Shot by Rich Peverley.
5:20 of 1st period - Shot Blocked by Jay Bouwmeester.
5:22 of 1st period - Shot by Rich Peverley.
5:22 of 1st period - Shot Misses the Net.
6:03 of 1st period - Milan Lucic is hit by Brent Sopel and loses puck.
6:20 of 1st period - Shot by Rick Nash.
6:20 of 1st period - Stopped by Pascal Leclaire with a rebound.
6:51 of 1st period - Guillaume Latendresse is hit by Toni Lydman and loses puck.
7:00 of 1st period - Shot by Henrik Zetterberg.
7:00 of 1st period - Shot Misses the Net.
7:50 of 1st period - Shot by Jason Spezza.
7:50 of 1st period - Stopped by Cam Ward without a rebound.
7:51 of 1st period - Sidney Crosby wins face-off versus Patrice Bergeron in Bruins zone.
7:54 of 1st period - Shot by Chris Stewart.
7:54 of 1st period - Stopped by Cam Ward without a rebound.
7:55 of 1st period - Sidney Crosby wins face-off versus Chris Kelly in Bruins zone.
7:56 of 1st period - Shot by Dion Phaneuf.
7:56 of 1st period - Stopped by Cam Ward without a rebound.
7:57 of 1st period - Chris Kelly wins face-off versus Sidney Crosby in Bruins zone.
8:12 of 1st period - Off-side.
8:13 of 1st period - Patrice Bergeron wins face-off versus Sidney Crosby in neutral zone.
8:25 of 1st period - Shot by Sidney Crosby.
8:25 of 1st period - Shot Blocked by Rick Nash.
8:38 of 1st period - Minor Penalty to Dion Phaneuf for Holding Stick.
8:39 of 1st period - David Krejci wins face-off versus David Steckel in Senators zone.
9:33 of 1st period - Shot by Nathan Horton.
9:33 of 1st period - Shot Misses the Net.
9:35 of 1st period - Shot by Rick Nash.
9:35 of 1st period - Stopped by Pascal Leclaire without a rebound.
9:36 of 1st period - Henrik Zetterberg wins face-off versus David Jones in Senators zone.
10:01 of 1st period - Shot by Henrik Zetterberg.
10:01 of 1st period - Shot Blocked by Jay Bouwmeester.
10:05 of 1st period - Shot by Nathan Horton.
10:05 of 1st period - Deflect By Rick Nash.
10:05 of 1st period - Goal by Rick Nash - Bruins : 2 - Senators : 0.
10:06 of 1st period - Sidney Crosby wins face-off versus Chris Kelly in neutral zone.
10:32 of 1st period - Sidney Crosby is hit by Milan Lucic and loses puck.
11:01 of 1st period - Shot by Jason Spezza.
11:01 of 1st period - Shot Misses the Net.
11:05 of 1st period - Shot by Mike Cammalleri.
11:05 of 1st period - Goal by Mike Cammalleri - Bruins : 2 - Senators : 1.
11:06 of 1st period - Rick Nash wins face-off versus Jordan Staal in neutral zone.
11:14 of 1st period - Karlis Skrastins is hit by Rick Nash and loses puck.
11:33 of 1st period - Shot by David Jones.
11:33 of 1st period - Deflect By Jordan Staal.
11:33 of 1st period - Shot Blocked by Mark Recchi.
11:37 of 1st period - Shot by Jordan Staal.
11:37 of 1st period - Deflect By Guillaume Latendresse.
11:37 of 1st period - Stopped by Cam Ward without a rebound.
11:38 of 1st period - Henrik Zetterberg wins face-off versus Jason Spezza in Bruins zone.
11:49 of 1st period - Shot by Mike Cammalleri.
11:49 of 1st period - Stopped by Cam Ward without a rebound.
11:50 of 1st period - Chris Kelly wins face-off versus Jason Spezza in Bruins zone.
11:50 of 1st period - Chris Kelly is hit by Daniel Briere.
12:04 of 1st period - Shot by Mike Cammalleri.
12:04 of 1st period - Shot Misses the Net.
12:33 of 1st period - Icing by Dan Hamhuis.
12:34 of 1st period - Chris Kelly wins face-off versus Sidney Crosby in Bruins zone.
12:34 of 1st period - Chris Kelly is hit by Chris Stewart.
12:52 of 1st period - Shot by Sidney Crosby.
12:52 of 1st period - Stopped by Cam Ward without a rebound.
12:53 of 1st period - Henrik Zetterberg wins face-off versus Jordan Staal in Bruins zone.
13:26 of 1st period - Shot by Rich Peverley.
13:26 of 1st period - Goal by Rich Peverley - Bruins : 3 - Senators : 1.
13:27 of 1st period - Patrice Bergeron wins face-off versus Sidney Crosby in neutral zone.
13:41 of 1st period - Shot by Chris Stewart.
13:41 of 1st period - Shot Misses the Net.
13:45 of 1st period - Shot by Chris Stewart.
13:45 of 1st period - Shot Misses the Net.
13:47 of 1st period - Shot by Thomas Vanek.
13:47 of 1st period - Shot Blocked by Zdeno Chara.
14:14 of 1st period - Icing by Sidney Crosby.
14:15 of 1st period - Sidney Crosby wins face-off versus Henrik Zetterberg in Senators zone.
14:21 of 1st period - Dustin Brown is hit by Dion Phaneuf and loses puck.
14:25 of 1st period - Henrik Zetterberg is hit by Dion Phaneuf and loses puck.
15:27 of 1st period - Jordan Leopold is hit by Guillaume Latendresse and loses puck.
15:40 of 1st period - Shot by Jordan Staal.
15:40 of 1st period - Deflect By Guillaume Latendresse.
15:40 of 1st period - Goal by Guillaume Latendresse - Bruins : 3 - Senators : 2.
15:41 of 1st period - Sidney Crosby wins face-off versus Patrice Bergeron in neutral zone.
16:59 of 1st period - Shot by Henrik Zetterberg.
16:59 of 1st period - Stopped by Pascal Leclaire without a rebound.
17:00 of 1st period - Chris Kelly wins face-off versus Thomas Vanek in Senators zone.
17:07 of 1st period - Chris Kelly is hit by Thomas Vanek and loses puck.
17:14 of 1st period - Shot by Thomas Vanek.
17:14 of 1st period - Stopped by Cam Ward without a rebound.
17:15 of 1st period - Nathan Horton wins face-off versus Daniel Briere in Bruins zone.
17:30 of 1st period - Shot by Rick Nash.
17:30 of 1st period - Shot Blocked by Carl Gunnarsson.
17:34 of 1st period - Shot by David Krejci.
17:34 of 1st period - Shot Blocked by Carl Gunnarsson.
17:53 of 1st period - Minor Penalty to David Jones for Hooking.
17:54 of 1st period - David Steckel wins face-off versus David Krejci in Senators zone.
18:13 of 1st period - Shot by Rich Peverley.
18:13 of 1st period - Shot Misses the Net.
18:15 of 1st period - Shot by Dennis Seidenberg.
18:15 of 1st period - Shot Misses the Net.
18:17 of 1st period - Shot by Jordan Leopold.
18:17 of 1st period - Stopped by Pascal Leclaire without a rebound.
18:18 of 1st period - Henrik Zetterberg wins face-off versus David Steckel in Senators zone.
18:27 of 1st period - Shot by Rick Nash.
18:27 of 1st period - Stopped by Pascal Leclaire with a rebound.
18:29 of 1st period - Shot by Zdeno Chara.
18:29 of 1st period - Stopped by Pascal Leclaire without a rebound.
18:30 of 1st period - Jordan Staal wins face-off versus Dustin Brown in Senators zone.
18:43 of 1st period - Shot by Henrik Zetterberg.
18:43 of 1st period - Stopped by Pascal Leclaire without a rebound.
18:44 of 1st period - David Steckel wins face-off versus David Krejci in Senators zone.
19:12 of 1st period - Shot by Rich Peverley.
19:12 of 1st period - Stopped by Pascal Leclaire without a rebound.
19:13 of 1st period - Henrik Zetterberg wins face-off versus Jordan Staal in Senators zone.
19:19 of 1st period - Henrik Zetterberg is hit by Karlis Skrastins and loses puck.
19:31 of 1st period - Henrik Zetterberg is hit by Dion Phaneuf and loses puck.

Period #2

0:01 of 2nd period - Sidney Crosby wins face-off versus David Krejci in neutral zone.
0:10 of 2nd period - Shot by Sidney Crosby.
0:10 of 2nd period - Stopped by Cam Ward without a rebound.
0:11 of 2nd period - Daniel Briere wins face-off versus Henrik Zetterberg in Bruins zone.
0:26 of 2nd period - Minor Penalty to Mike Cammalleri for Roughing.
0:27 of 2nd period - Henrik Zetterberg wins face-off versus Jordan Staal in Senators zone.
2:26 of 2nd period - Rick Nash is hit by Dion Phaneuf and loses puck.
2:45 of 2nd period - Shot by Chris Stewart.
2:45 of 2nd period - Deflect By Sidney Crosby.
2:45 of 2nd period - Shot Blocked by Toni Lydman.
2:49 of 2nd period - Shot by Sidney Crosby.
2:49 of 2nd period - Shot Misses the Net.
3:00 of 2nd period - Off-side.
3:01 of 2nd period - Jason Spezza wins face-off versus Patrice Bergeron in neutral zone.
3:45 of 2nd period - Rick Nash is hit by Karlis Skrastins and loses puck.
4:32 of 2nd period - Shot by Dustin Brown.
4:32 of 2nd period - Shot Misses the Net.
4:36 of 2nd period - Shot by Henrik Zetterberg.
4:36 of 2nd period - Stopped by Pascal Leclaire without a rebound.
4:37 of 2nd period - Chris Kelly wins face-off versus Jason Spezza in Senators zone.
4:37 of 2nd period - Minor Penalty to Dion Phaneuf for Tripping.
4:38 of 2nd period - Jordan Staal wins face-off versus Dustin Brown in Senators zone.
4:52 of 2nd period - Icing by Dennis Seidenberg.
4:53 of 2nd period - Jordan Staal wins face-off versus David Krejci in Bruins zone.
5:12 of 2nd period - Shot by Dustin Brown.
5:12 of 2nd period - Stopped by Pascal Leclaire without a rebound.
5:13 of 2nd period - Henrik Zetterberg wins face-off versus David Steckel in Senators zone.
5:42 of 2nd period - Shot by Henrik Zetterberg.
5:42 of 2nd period - Shot Misses the Net.
5:46 of 2nd period - Shot by Henrik Zetterberg.
5:46 of 2nd period - Shot Misses the Net.
5:48 of 2nd period - Shot by Gregory Campbell.
5:48 of 2nd period - Stopped by Pascal Leclaire without a rebound.
5:49 of 2nd period - David Krejci wins face-off versus Jordan Staal in Senators zone.
5:58 of 2nd period - Shot by Dustin Brown.
5:58 of 2nd period - Shot Misses the Net.
6:00 of 2nd period - Shot by Dennis Seidenberg.
6:00 of 2nd period - Stopped by Pascal Leclaire without a rebound.
6:01 of 2nd period - Jordan Staal wins face-off versus Henrik Zetterberg in Senators zone.
7:02 of 2nd period - Shot by Chris Stewart.
7:02 of 2nd period - Deflect By Sidney Crosby.
7:02 of 2nd period - Shot Blocked by Dennis Seidenberg.
7:04 of 2nd period - Shot by Sidney Crosby.
7:04 of 2nd period - Goal by Sidney Crosby - Bruins : 3 - Senators : 3.
7:05 of 2nd period - Henrik Zetterberg wins face-off versus Jason Spezza in neutral zone.
7:05 of 2nd period - Minor Penalty to Daniel Briere for Hooking.
7:06 of 2nd period - Jordan Staal wins face-off versus David Krejci in Senators zone.
7:16 of 2nd period - Off-side.
7:17 of 2nd period - David Krejci wins face-off versus Jordan Staal in neutral zone.
7:30 of 2nd period - David Steckel is hit by Dustin Brown and loses puck.
7:39 of 2nd period - Shot by David Krejci.
7:39 of 2nd period - Shot Misses the Net.
7:41 of 2nd period - Shot by Rich Peverley.
7:41 of 2nd period - Shot Misses the Net.
7:43 of 2nd period - Shot by Toni Lydman.
7:43 of 2nd period - Shot Misses the Net.
7:47 of 2nd period - Shot by Dustin Brown.
7:47 of 2nd period - Shot Misses the Net.
8:04 of 2nd period - Icing by Henrik Zetterberg.
8:05 of 2nd period - Henrik Zetterberg wins face-off versus Jordan Staal in Bruins zone.
9:29 of 2nd period - Shot by Sidney Crosby.
9:29 of 2nd period - Stopped by Cam Ward with a rebound.
9:37 of 2nd period - Shot by Sidney Crosby.
9:37 of 2nd period - Stopped by Cam Ward without a rebound.
9:38 of 2nd period - Jason Spezza wins face-off versus Henrik Zetterberg in Bruins zone.
9:53 of 2nd period - Shot by Mike Cammalleri.
9:53 of 2nd period - Shot Blocked by Dennis Seidenberg.
9:55 of 2nd period - Shot by Jay Bouwmeester.
9:55 of 2nd period - Stopped by Cam Ward without a rebound.
9:56 of 2nd period - Jordan Staal wins face-off versus Patrice Bergeron in Bruins zone.
9:57 of 2nd period - Shot by Guillaume Latendresse.
9:57 of 2nd period - Stopped by Cam Ward without a rebound.
9:58 of 2nd period - Jordan Staal wins face-off versus Patrice Bergeron in Bruins zone.
10:01 of 2nd period - Shot by Guillaume Latendresse.
10:01 of 2nd period - Shot Misses the Net.
10:58 of 2nd period - Shot by Mike Cammalleri.
10:58 of 2nd period - Stopped by Cam Ward without a rebound.
10:59 of 2nd period - Henrik Zetterberg wins face-off versus Sidney Crosby in Bruins zone.
11:30 of 2nd period - Shot by Sidney Crosby.
11:30 of 2nd period - Stopped by Cam Ward without a rebound.
11:31 of 2nd period - Jason Spezza wins face-off versus Chris Kelly in Bruins zone.
11:36 of 2nd period - Shot by Jason Spezza.
11:36 of 2nd period - Stopped by Cam Ward without a rebound.
11:37 of 2nd period - Jason Spezza wins face-off versus Chris Kelly in Bruins zone.
11:45 of 2nd period - Icing by Dan Hamhuis.
11:46 of 2nd period - Chris Kelly wins face-off versus Jordan Staal in Bruins zone.
12:00 of 2nd period - Shot by Guillaume Latendresse.
12:00 of 2nd period - Goal by Guillaume Latendresse - Bruins : 3 - Senators : 4.
12:00 of 2nd period - Tuukka Rask enters game.
12:01 of 2nd period - Jason Spezza wins face-off versus Henrik Zetterberg in neutral zone.
12:20 of 2nd period - Shot by Dustin Brown.
12:20 of 2nd period - Shot Misses the Net.
12:22 of 2nd period - Shot by Dennis Seidenberg.
12:22 of 2nd period - Deflect By Henrik Zetterberg.
12:22 of 2nd period - Stopped by Pascal Leclaire with a rebound.
12:24 of 2nd period - Shot by Dennis Seidenberg.
12:24 of 2nd period - Deflect By Henrik Zetterberg.
12:24 of 2nd period - Stopped by Pascal Leclaire without a rebound.
12:25 of 2nd period - Sidney Crosby wins face-off versus Patrice Bergeron in Senators zone.
13:36 of 2nd period - Icing by Chris Stewart.
13:37 of 2nd period - Henrik Zetterberg wins face-off versus Sidney Crosby in Senators zone.
13:42 of 2nd period - Shot by Henrik Zetterberg.
13:42 of 2nd period - Deflect By Dustin Brown.
13:42 of 2nd period - Shot Blocked by Carl Gunnarsson.
14:02 of 2nd period - Henrik Zetterberg is hit by Dion Phaneuf and loses puck.
14:37 of 2nd period - Shot by Milan Lucic.
14:37 of 2nd period - Stopped by Pascal Leclaire without a rebound.
14:38 of 2nd period - Patrice Bergeron wins face-off versus Jordan Staal in Senators zone.
14:41 of 2nd period - Shot by Rick Nash.
14:41 of 2nd period - Shot Blocked by Karlis Skrastins.
15:04 of 2nd period - Icing by David Jones.
15:05 of 2nd period - Chris Kelly wins face-off versus Jordan Staal in Senators zone.
15:10 of 2nd period - Shot by Chris Kelly.
15:10 of 2nd period - Stopped by Pascal Leclaire without a rebound.
15:11 of 2nd period - Jason Spezza wins face-off versus Chris Kelly in Senators zone.
15:35 of 2nd period - Shot by Daniel Briere.
15:35 of 2nd period - Shot Misses the Net.
15:37 of 2nd period - Shot by Daniel Briere.
15:37 of 2nd period - Shot Misses the Net.
15:39 of 2nd period - Shot by Filip Kuba.
15:39 of 2nd period - Stopped by Tuukka Rask without a rebound.
15:40 of 2nd period - Henrik Zetterberg wins face-off versus Jordan Staal in Bruins zone.
15:51 of 2nd period - Shot by Henrik Zetterberg.
15:51 of 2nd period - Shot Blocked by Brent Sopel.
16:30 of 2nd period - Icing by Karlis Skrastins.
16:31 of 2nd period - Jordan Staal wins face-off versus David Krejci in Senators zone.
16:33 of 2nd period - Icing by David Jones.
16:34 of 2nd period - David Krejci wins face-off versus Jordan Staal in Senators zone.
17:17 of 2nd period - Shot by Nathan Horton.
17:17 of 2nd period - Shot Misses the Net.
18:14 of 2nd period - Icing by Zdeno Chara.
18:15 of 2nd period - Patrice Bergeron wins face-off versus Daniel Briere in Bruins zone.
18:15 of 2nd period - Tom Gilbert is hit by Daniel Briere and loses puck.
18:34 of 2nd period - Shot by Jason Spezza.
18:34 of 2nd period - Shot Misses the Net.
18:41 of 2nd period - Minor Penalty to Jay Bouwmeester for Delaying the game.
18:42 of 2nd period - Sidney Crosby wins face-off versus David Krejci in Senators zone.
19:00 of 2nd period - Minor Penalty to David Steckel for Tripping.
19:01 of 2nd period - Dustin Brown wins face-off versus Sidney Crosby in Senators zone.
19:10 of 2nd period - Shot by Nathan Horton.
19:10 of 2nd period - Deflect By Henrik Zetterberg.
19:10 of 2nd period - Shot Misses the Net.
19:12 of 2nd period - Shot by Zdeno Chara.
19:12 of 2nd period - Goal by Zdeno Chara - Bruins : 4 - Senators : 4.
19:13 of 2nd period - Jordan Staal wins face-off versus David Krejci in neutral zone.
19:40 of 2nd period - Shot by David Krejci.
19:40 of 2nd period - Stopped by Pascal Leclaire without a rebound.
19:41 of 2nd period - Henrik Zetterberg wins face-off versus Jordan Staal in Senators zone.

Period #3

0:01 of 3rd period - Henrik Zetterberg wins face-off versus Jordan Staal in neutral zone.
1:14 of 3rd period - Shot by Mike Cammalleri.
1:14 of 3rd period - Deflect By Jason Spezza.
1:14 of 3rd period - Goal by Jason Spezza - Bruins : 4 - Senators : 5.
1:15 of 3rd period - Sidney Crosby wins face-off versus Henrik Zetterberg in neutral zone.
1:28 of 3rd period - Shot by Dennis Seidenberg.
1:28 of 3rd period - Deflect By Dustin Brown.
1:28 of 3rd period - Stopped by Pascal Leclaire with a rebound.
1:36 of 3rd period - Shot by Sidney Crosby.
1:36 of 3rd period - Shot Blocked by Toni Lydman.
1:38 of 3rd period - Shot by Chris Stewart.
1:38 of 3rd period - Shot Misses the Net.
1:42 of 3rd period - Shot by Chris Stewart.
1:42 of 3rd period - Shot Misses the Net.
2:43 of 3rd period - Brad Marchand is hit by Jordan Staal and loses puck.
2:47 of 3rd period - Minor Penalty to David Jones for Interference.
2:48 of 3rd period - Dustin Brown wins face-off versus David Steckel in Senators zone.
2:49 of 3rd period - Shot by Rick Nash.
2:49 of 3rd period - Shot Blocked by Brent Sopel.
3:04 of 3rd period - Icing by Rick Nash.
3:05 of 3rd period - David Steckel wins face-off versus Dustin Brown in Bruins zone.
3:06 of 3rd period - Shot by Jason Spezza.
3:06 of 3rd period - Stopped by Tuukka Rask without a rebound.
3:07 of 3rd period - David Krejci wins face-off versus David Steckel in Bruins zone.
3:07 of 3rd period - Dustin Brown is hit by David Steckel and loses puck.
3:13 of 3rd period - Icing by Dustin Brown.
3:14 of 3rd period - David Steckel wins face-off versus David Krejci in Bruins zone.
3:58 of 3rd period - Shot by Jay Bouwmeester.
3:58 of 3rd period - Stopped by Tuukka Rask without a rebound.
3:59 of 3rd period - David Steckel wins face-off versus Henrik Zetterberg in Bruins zone.
4:16 of 3rd period - David Steckel is hit by Rick Nash and loses puck.
4:27 of 3rd period - Shot by Henrik Zetterberg.
4:27 of 3rd period - Goal by Henrik Zetterberg - Bruins : 5 - Senators : 5.
4:28 of 3rd period - Patrice Bergeron wins face-off versus Jason Spezza in neutral zone.
4:46 of 3rd period - Rick Nash is hit by Jay Bouwmeester and loses puck.
5:32 of 3rd period - Icing by Toni Lydman.
5:33 of 3rd period - Jordan Staal wins face-off versus Henrik Zetterberg in Bruins zone.
6:16 of 3rd period - Shot by Jordan Leopold.
6:16 of 3rd period - Stopped by Pascal Leclaire without a rebound.
6:17 of 3rd period - Sidney Crosby wins face-off versus Chris Kelly in Senators zone.
6:23 of 3rd period - Milan Lucic is hit by Dion Phaneuf and loses puck.
7:11 of 3rd period - Sidney Crosby is hit by Mark Recchi and loses puck.
7:17 of 3rd period - Icing by Dion Phaneuf.
7:18 of 3rd period - Sidney Crosby wins face-off versus Henrik Zetterberg in Senators zone.
7:37 of 3rd period - Shot by Daniel Briere.
7:37 of 3rd period - Stopped by Tuukka Rask without a rebound.
7:38 of 3rd period - Jordan Staal wins face-off versus Patrice Bergeron in Bruins zone.
8:15 of 3rd period - Icing by Jordan Staal.
8:16 of 3rd period - Jordan Staal wins face-off versus Chris Kelly in Senators zone.
8:16 of 3rd period - Jordan Staal is hit by Milan Lucic.
8:25 of 3rd period - Minor Penalty to Jordan Staal for Hooking.
8:26 of 3rd period - David Krejci wins face-off versus Jason Spezza in Senators zone.
8:55 of 3rd period - Shot by Dennis Seidenberg.
8:55 of 3rd period - Shot Blocked by Karlis Skrastins.
9:32 of 3rd period - Shot by Zdeno Chara.
9:32 of 3rd period - Stopped by Pascal Leclaire without a rebound.
9:33 of 3rd period - David Steckel wins face-off versus David Krejci in Senators zone.
9:46 of 3rd period - Shot by Jordan Leopold.
9:46 of 3rd period - Shot Misses the Net.
9:58 of 3rd period - Shot by Jordan Leopold.
9:58 of 3rd period - Stopped by Pascal Leclaire without a rebound.
9:59 of 3rd period - Henrik Zetterberg wins face-off versus David Steckel in Senators zone.
10:10 of 3rd period - Shot by Toni Lydman.
10:10 of 3rd period - Shot Misses the Net.
10:12 of 3rd period - Shot by Toni Lydman.
10:12 of 3rd period - Shot Misses the Net.
10:14 of 3rd period - Shot by Henrik Zetterberg.
10:14 of 3rd period - Stopped by Pascal Leclaire without a rebound.
10:15 of 3rd period - Henrik Zetterberg wins face-off versus Sidney Crosby in Senators zone.
10:51 of 3rd period - Shot by Daniel Briere.
10:51 of 3rd period - Stopped by Tuukka Rask with a rebound.
11:20 of 3rd period - Off-side.
11:21 of 3rd period - Jordan Staal wins face-off versus Henrik Zetterberg in neutral zone.
11:25 of 3rd period - Icing by Toni Lydman.
11:26 of 3rd period - Sidney Crosby wins face-off versus Henrik Zetterberg in Bruins zone.
11:42 of 3rd period - Dion Phaneuf is hit by Dustin Brown and loses puck.
12:19 of 3rd period - Dion Phaneuf is hit by Dustin Brown and loses puck.
12:55 of 3rd period - Shot by Mark Recchi.
12:55 of 3rd period - Stopped by Pascal Leclaire with a rebound.
12:56 of 3rd period - Minor Penalty to Karlis Skrastins for Slashing.
12:57 of 3rd period - David Steckel wins face-off versus Henrik Zetterberg in Senators zone.
14:21 of 3rd period - Shot by Dan Hamhuis.
14:21 of 3rd period - Stopped by Pascal Leclaire without a rebound.
14:22 of 3rd period - Chris Kelly wins face-off versus Jordan Staal in Senators zone.
15:16 of 3rd period - Shot by Mike Cammalleri.
15:16 of 3rd period - Stopped by Tuukka Rask without a rebound.
15:17 of 3rd period - Jason Spezza wins face-off versus Henrik Zetterberg in Bruins zone.
15:20 of 3rd period - Shot by Sidney Crosby.
15:20 of 3rd period - Shot Misses the Net.
15:24 of 3rd period - Shot by Filip Kuba.
15:24 of 3rd period - Shot Misses the Net.
15:57 of 3rd period - Icing by Henrik Zetterberg.
15:58 of 3rd period - Sidney Crosby wins face-off versus Henrik Zetterberg in Bruins zone.
16:11 of 3rd period - Minor Penalty to Chris Stewart for Hooking.
16:12 of 3rd period - David Steckel wins face-off versus David Krejci in Senators zone.
16:56 of 3rd period - Icing by David Krejci.
16:57 of 3rd period - David Krejci wins face-off versus David Steckel in Bruins zone.
17:18 of 3rd period - Shot by David Steckel.
17:18 of 3rd period - Stopped by Tuukka Rask without a rebound.
17:19 of 3rd period - Henrik Zetterberg wins face-off versus Jordan Staal in Bruins zone.
17:43 of 3rd period - Shot by Henrik Zetterberg.
17:43 of 3rd period - Shot Blocked by Carl Gunnarsson.
17:45 of 3rd period - Shot by Dan Hamhuis.
17:45 of 3rd period - Stopped by Pascal Leclaire with a rebound.
17:46 of 3rd period - David Steckel and Zdeno Chara fight to a draw.
17:46 of 3rd period - Penalty to David Steckel for Fighting.
17:46 of 3rd period - Penalty to Zdeno Chara for Fighting.
17:46 of 3rd period - Penalty to Zdeno Chara for instigated a fight.
17:46 of 3rd period - Zdeno Chara is ejected from game.
17:47 of 3rd period - Jason Spezza wins face-off versus Patrice Bergeron in Senators zone.
18:52 of 3rd period - Shot by Filip Kuba.
18:52 of 3rd period - Shot Misses the Net.
19:44 of 3rd period - Shot by Mike Cammalleri.
19:44 of 3rd period - Stopped by Tuukka Rask without a rebound.
19:45 of 3rd period - Dustin Brown wins face-off versus Sidney Crosby in Bruins zone.

Overtime #1

0:01 of 1st overtime period - Patrice Bergeron wins face-off versus Sidney Crosby in neutral zone.
0:10 of 1st overtime period - Shot by Nathan Horton.
0:10 of 1st overtime period - Goal by Nathan Horton - Bruins : 6 - Senators : 5.


Output by the SimonT Hockey Simulator (STHS) for Stephane Roy -- Original Page W3C XHTML 1.0 Valid